 Dungeon Crawl Stone Soup version 0.24.0-29-g8ce449bc06 (webtiles) character file.

Game seed: 2096296509729454484, levelgen mode: deterministic

51 Matador8 the Conjurer (level 3, -1/26 HPs)
             Began as a Draconian Conjurer on Nov 13, 2019.
             Was an Initiate of Nemelex Xobeh.
             Slain by Esos's ghost (5 damage)
             ... on level 3 of the Dungeon.
             The game lasted 00:09:59 (2288 turns).

Matador8 the Conjurer (Draconian Conjurer)          Turns: 2288, Time: 00:10:01

Health: -1/26      AC:  6    Str:  9 (10) XL:     3   Next: 58%
Magic:  0/7        EV: 12    Int: 13 (16) God:    Nemelex Xobeh [......]
Gold:   194        SH:  0    Dex:  9 (11) Spells: 4/8 levels left

rFire    . . .     SeeInvis .   k - +0 dagger
rCold    . . .     Gourm    .   (no shield)
rNeg     . . .     Faith    .   (armour unavailable)
rPois    .         Spirit   .   (helmet restricted)
rElec    .         Reflect  .   (no cloak)
rCorr    .         Harm     .   (no gloves)
MR       .....                  e - +0 pair of boots
Stlth    ++........             (no amulet)
HPRegen  0.08/turn              (no ring)
MPRegen  0.10/turn              (no ring)

@: hasted and slowed
A: unfitting armour, cold-blooded, AC +5
a: Draw Escape, Draw Destruction, Draw Summoning, Renounce Religion


You were on level 3 of the Dungeon.
You worshipped Nemelex Xobeh.
Nemelex Xobeh was noncommittal.
You were not hungry.

You visited 1 branch of the dungeon, and saw 3 of its levels.

You collected 194 gold pieces.

Inventory:

Hand Weapons
 k - a +0 dagger (weapon)
Armour
 e - a +0 pair of boots (worn)
Scrolls
 a - a scroll of amnesia {unknown}
 f - a scroll of immolation {unknown}
 g - a scroll of enchant weapon {unknown}
 h - 2 scrolls of remove curse {unknown}
 l - 4 scrolls of identify {unknown}
 m - 3 scrolls of teleportation {unknown}
 o - a scroll of fear {unknown}
Potions
 c - 2 potions of curing
 d - a potion of magic {unknown}
 i - a potion of heal wounds {unknown}
 j - a potion of haste
 n - 2 potions of degeneration
 p - a potion of flight {unknown}
 r - 2 potions of lignification {unknown}
Comestibles
 b - 7 rations


   Skills:
 - Level 1.7 Dodging
 - Level 1.7 Stealth
 * Level 3.0 Spellcasting
 * Level 4.7 Conjurations
 + Level 0.0 Invocations


You had 4 spell levels left.
You knew the following spells:

 Your Spells              Type           Power        Failure   Level  Hunger
a - Magic Dart            Conj           ##..         3%          1    #......
b - Dazzling Spray        Conj/Hex       #.....       26%         3    ###....

Your spell library contained the following spells:

 Spells                   Type           Power        Failure   Level  Hunger
 Searing Ray              Conj           ##....       4%          2    ###....
 Iskenderun's Mystic Bla  Conj           ##......     32%         4    #####..
 Force Lance              Conj/Tloc      #.......     65%         4    #####..
 Fulminant Prism          Conj/Hex       #.........   65%         4    #####..


Dungeon Overview and Level Annotations

Branches:
Dungeon (3/15)

Altars:
Ashenzari
Fedhas
Nemelex Xobeh

Annotations:
D:3 1 runed translucent door, exclusion: door, Crazy Yiuf; Esos's ghost, weakling DgIE


Innate Abilities, Weirdness & Mutations

Your plain brown scales are hard. (AC +5)
You cannot fit into any form of body armour.
You are cold-blooded and may be slowed by cold attacks.


Message History

Esos's ghost gestures at you while chanting.
You are frozen.
* * * LOW HITPOINT WARNING * * *
It was a potion of degeneration.
There was something very wrong with that liquid.
You feel weakened.
You feel dopey.
You feel clumsy. Esos's ghost misses you.
Esos's ghost hits you but does no damage.
You feel better.
Esos's ghost says, "Very impressive.
But it won't help.
Nothing will."
Esos's ghost casts a spell at you.
You are frozen.
You feel as though you will be slow longer.
It was a potion of haste.
You feel yourself speed up. Esos's ghost casts a spell at you.
You are frozen.
* * * LOW HITPOINT WARNING * * *
Esos's ghost hits you.
You die...
Your body disappears without a glow.

..............###.#####.....#
................>.....#.....#####
##.##.#####.......#..............
##.##.## #.####......#.....#####
.......# #####...##.###.....#
.......###..###..##.#####.###
......###≈#..#...##.#.....#
.......##..8≈#...##.#.#####
.....#.#.%..≈'.W@...#.#
....#..##..#≈'........########
.......#.≈...#...............>
..#.#..###≈..#.###############
..#..#.##≈##≈### # ....<..### ###
# #........)##.# #####
#.#.########.# #.... #.#.# ##.#
#....


You could see Esos's ghost.

Vanquished Creatures
  An ooze (D:2)
  2 worms (D:2)
  2 leopard geckos (D:1)
  6 bats
  5 hobgoblins
  2 jackals (D:2)
  2 kobolds (D:2)
  2 quokkas
  3 frilled lizards
  6 goblins
  7 rats
38 creatures vanquished.

Notes
Turn   | Place    | Note
-------+----------+-------------------------------------------
     0 | D:1      | Matador8 the Draconian Conjurer began the quest for the
                  | Orb.
     0 | D:1      | Reached XP level 1. HP: 14/14 MP: 3/3
   269 | D:1      | Reached XP level 2. HP: 19/20 MP: 0/5
   979 | D:2      | Reached XP level 3. HP: 26/26 MP: 4/7
  1625 | D:2      | Found a sparkling altar of Nemelex Xobeh.
  1625 | D:2      | Found a blossoming altar of Fedhas.
  1626 | D:2      | Found a shattered altar of Ashenzari.
  1906 | D:2      | Became a worshipper of Nemelex Xobeh the Trickster
  2028 | D:3      | Found a runed translucent door.
  2029 | D:3      | Noticed Crazy Yiuf
  2043 | D:3      | Received a gift from Nemelex Xobeh
  2193 | D:3      | Learned a level 3 spell: Dazzling Spray
  2225 | D:3      | Found a large runed translucent door.
  2225 | D:3      | Found a large runed translucent door.
  2226 | D:3      | Noticed Esos's ghost (weakling DgIE)
  2288 | D:3      | Slain by Esos's ghost

Levels and vault maps discovered:
D:1:      lightli_arrival_flooded_house, layout_loops_ring,
          minmay_misc_feat_rugged, minmay_splitting_lines, eino_curves_04
D:2:      layout_rooms, gammafunk_temple_overflow_claw, lemuel_old_faithful
D:3:      layout_loops_ring, first_ration, ebering_ghost_disaster_area,
          minmay_misc_feat_pillars, uniq_sigmund, uniq_crazy_yiuf_cottage

Skill      XL: |  1  2  3 |
---------------+----------+-----
Spellcasting   | 3 |  3.0
Dodging        | |  1.7
Stealth        | |  1.7
Conjurations   | |  4.7

Action                   || total
-------------------------++-------
Melee: Unarmed           ||    11
       Dagger            ||    42
       Tailslap          ||     5
 Cast: Magic Dart        ||    82
       Dazzling Spray    ||     1
  Use: Potion            ||     4
 Stab: Sleeping          ||     1
  Eat: Chunk             ||     5
Armor: Skin              ||    26
Dodge: Dodged            ||    52
